 Dungeon Crawl Stone Soup version 0.31.0-2-g5a2aebc5c2 (webtiles) character file.

Game seed: 12578722031795951680

38 Aviak the Chiller (level 3, -3/25 HPs)
             Began as a Gnoll Ice Elementalist on Jan 20, 2024.
             Slain by a gnoll
             ... wielding a +0 halberd
              (11 damage)
             ... on level 2 of the Dungeon.
             The game lasted 00:01:21 (1210 turns).

Aviak the Chiller (Gnoll Ice Elementalist)          Turns: 1210, Time: 00:01:22

Health: -3/25      AC:  2    Str:  7    XL:     3   Next: 43%
Magic:  9/9        EV: 13    Int: 16    God:
Gold:   55         SH:  0    Dex: 12    Spells: 11/12 levels left

rFire   . . .        g - +0 dagger
rCold   . . .        (no shield)
rNeg    . . .        a - +0 robe
rPois   .            (no helmet)
rElec   .            (no cloak)
rCorr   +            (no gloves)
SInv    .            (no boots)
Will    .....        (no amulet)
Stlth   ++           c - ring of resist corrosion
HPRegen 0.24/turn    (no ring)
MPRegen 0.11/turn

%: no passive effects
@: no status effects
A: fangs 1, strong nose, distributed training
a: no special abilities


You were on level 2 of the Dungeon.
You visited 1 branch of the dungeon, and saw 2 of its levels.

You collected 55 gold pieces.

Inventory:

Hand Weapons
 g - a +0 dagger (weapon)
Armour
 a - a +0 robe (worn)
 f - an orb of guile
Jewellery
 c - a ring of resist corrosion (left hand)
Scrolls
 d - a scroll of identify {unknown}
 e - a scroll of silence {unknown}
Potions
 b - a potion of magic
 h - a potion of mutation {unknown}
 i - a potion of heal wounds {unknown}


   Skills:
 + Level 0.8 Fighting
 + Level 0.8 Short Blades
 + Level 0.8 Long Blades
 + Level 0.8 Axes
 + Level 0.8 Maces & Flails
 + Level 0.8 Polearms
 + Level 0.8 Staves
 + Level 0.8 Ranged Weapons
 + Level 0.8 Throwing
 + Level 0.8 Armour
 + Level 4.5 Dodging
 + Level 4.1 Stealth
 + Level 0.8 Shields
 + Level 0.8 Unarmed Combat
 + Level 5.0 Spellcasting
 + Level 0.5 Conjurations
 + Level 0.5 Hexes
 + Level 0.5 Summonings
 + Level 0.5 Necromancy
 + Level 0.5 Translocations
 + Level 0.5 Fire Magic
 + Level 7.1 Ice Magic
 + Level 0.5 Air Magic
 + Level 0.5 Earth Magic
 + Level 0.5 Alchemy
 + Level 1.0 Invocations
 + Level 0.8 Evocations
 + Level 0.7 Shapeshifting


You had 11 spell levels left.
You knew the following spells:

 Your Spells              Type           Power      Damage    Failure   Level
a - Freeze                Ice            100%       1d10      1%          1

Your spell library contained the following spells:

 Spells                   Type           Power      Damage    Failure   Level
 Frozen Ramparts          Ice            52%        1d8       2%          3
 Ozocubu's Armour         Ice            26%        N/A       2%          3
 Summon Ice Beast         Ice/Summ       16%        N/A       10%         3


Dungeon Overview and Level Annotations

Branches:
Dungeon (2/15)

Altars:


Innate Abilities, Weirdness & Mutations

You have very sharp teeth.
Your uncanny sense of smell can sniff out nearby items.
Your experience applies equally to all skills.


Message History

The ribbon worm bites you but does no damage.
You freeze the ribbon worm!
The ribbon worm is almost dead.
The ribbon worm misses you.
You freeze the ribbon worm.
You kill the ribbon worm!
Your Invocations skill increases to level 1!
You freeze the endoplasm.
The endoplasm is heavily wounded.
The endoplasm freezes you.
You are frozen.
You freeze the endoplasm!
You kill the endoplasm!
You can't see any susceptible monsters within range! (Use Z to cast anyway.)
A quokka comes into view.
Found a stone staircase leading down.
A quokka is nearby!
A quokka is nearby!
The quokka bites you.
You freeze the quokka!
You kill the quokka!
You can't see any susceptible monsters within range! (Use Z to cast anyway.)
A gnoll comes into view.
It is wielding a +0 halberd and quivering a throwing net.
A gnoll is nearby!
A gnoll is nearby!
A gnoll comes into view. It is wielding a +0 spear.
The gnoll shouts!
You hear a shout!
A gnoll comes into view. It is wielding a +0 whip.
A hobgoblin comes into view. It is wielding a +0 war axe.
The hobgoblin shouts!
The gnoll hits you from afar with a +0 halberd!
The hobgoblin throws a stone.
The stone barely misses you.
The gnoll throws a throwing net.
The throwing net barely misses you.
A rat comes into view.
You see here a throwing net {!f}.
The gnoll attacks as it pursues you! The gnoll hits you but does no damage.
You aren't carrying any items that you can evoke.
The gnoll hits you with a +0 spear.
The gnoll hits you from afar with a +0 halberd!
You die...

#..#†#.#.#
##..#.#.#.#
...#.#.#.#
##.##.#.#.#
#.##.#.#.#
#........#
.##.######.####.###
.........#.## #.#
....####@#..# #†# .
##g#..# #.# #gg...#
#.# #.g...# #>#
#.......# #.#
#....r........#
###.......#####
###.....# ......#


You could see 3 gnolls, a hobgoblin and a rat (wandering).

Vanquished Creatures
  An adder (D:2)
  A ribbon worm (D:2)
  A ball python (D:1)
  A bat (D:1)
  2 endoplasms
  A giant cockroach (D:1)
  3 goblins (D:1)
  4 jackals (D:1)
  3 quokkas
  2 frilled lizards
  A kobold (D:1)
  4 rats (D:1)
24 creatures vanquished.

Notes
Turn   | Place    | Note
-------+----------+-------------------------------------------
     0 | D:1      | Aviak the Gnoll Ice Elementalist began the quest for the
                  | Orb.
     0 | D:1      | Reached XP level 1. HP: 13/13 MP: 6/6
   303 | D:1      | Reached XP level 2. HP: 19/19 MP: 2/7
  1052 | D:2      | Reached skill level 5 in Spellcasting
  1052 | D:2      | Reached XP level 3. HP: 18/25 MP: 2/9
  1122 | D:2      | Reached skill level 1 in Invocations
  1210 | D:2      | Slain by a gnoll

Illustrated notes

Levels and vault maps discovered:
D:1:      saegor_arrival_miasma, layout_loops_corners, minivault_26
D:2:      layout_loops_ring, chequers_ecumenical_altar_simple_redux,
          kennysheep_generic_room_11

Skill      XL: |  1  2  3 |
---------------+----------+-----
Spellcasting   | 5 |  5.0
Invocations    | 1 |  1.0
Fighting       | |  0.8
Short Blades   | |  0.8
Long Blades    | |  0.8
Axes           | |  0.8
Maces & Flails | |  0.8
Polearms       | |  0.8
Staves         | |  0.8
Ranged Weapons | |  0.8
Throwing       | |  0.8
Armour         | |  0.8
Dodging        | |  4.5
Stealth        | |  4.1
Shields        | |  0.8
Unarmed Combat | |  0.8
Conjurations   | |  0.5
Hexes          | |  0.5
Summonings     | |  0.5
Necromancy     | |  0.5
Translocations | |  0.5
Fire Magic     | |  0.5
Ice Magic      | |  7.1
Air Magic      | |  0.5
Earth Magic    | |  0.5
Alchemy        | |  0.5
Evocations     | |  0.8
Shapeshifting  | |  0.7

Action                     || total
---------------------------++-------
  Melee: Unarmed           ||     4
         Dagger            ||     2
   Cast: Freeze            ||    36
 Armour: Robe              ||    15
  Dodge: Dodged            ||    22
